 Dungeon Crawl Stone Soup version 0.17-a0-1769-g54adf96 (webtiles) character file.

149 TruthSerum the Cudgeler (level 5, -4/55 HPs)
             Began as an Ogre Berserker on Sept 7, 2015.
             Was a Priest of Trog.
             Slain by a worker ant (6 damage)
             ... on level 4 of the Dungeon.
             The game lasted 00:10:20 (2203 turns).

TruthSerum the Cudgeler (Ogre Berserker)            Turns: 2203, Time: 00:10:20

Health: -4/55      AC:  4    Str: 22    XL:     5   Next: 31%
Magic:  5/5        EV: 10    Int:  7    God:    Trog [***...]
Gold:   156        SH:  0    Dex:  9    Spells: 0 memorised, 4 levels left

rFire  . . .     SeeInvis .     p - +0 flail
rCold  . . .     Clarity  .     i - +0 robe
rNeg   . . .     SustAt   .     (no shield)
rPois  .         Gourm    .     (helmet restricted)
rElec  .         Spirit   .     e - +0 cloak
rCorr  .         Warding  .     (gloves unavailable)
rMut   .         Stasis   .     (boots unavailable)
MR     .....                    (no amulet)
Stlth  +.........               (no ring)
                                (no ring)

@: slowed, very slow, not resistant to hostile enchantments, very unstealthy
A: unfitting armour, tough skin 1
a: Burn Spellbooks, Berserk, Trog's Hand, Renounce Religion


You were on level 4 of the Dungeon.
You worshipped Trog.
Trog was most pleased with you.
You were not hungry.

You visited 1 branch of the dungeon, and saw 4 of its levels.

You collected 156 gold pieces.

Inventory:

Hand weapons
 p - a +0 flail (weapon)
Missiles
 q - 6 javelins (quivered)
Armour
 e - a +0 cloak (worn)
 i - a +0 robe (worn)
Jewellery
 s - a cursed ring of teleportation {unknown}
Scrolls
 h - 2 scrolls of teleportation {unknown}
 j - a scroll of blinking {unknown}
 k - 5 scrolls of remove curse {unknown}
 o - a scroll of immolation {unknown}
 r - a scroll of fog {unknown}
Potions
 a - a potion of might
 l - 2 potions of heal wounds {unknown}
 m - a potion of beneficial mutation {unknown}
 n - a potion of brilliance {unknown}
Comestibles
 b - 4 chunks of flesh
 c - 4 bread rations
 d - 3 beef jerkies
 f - 3 meat rations
 g - a slice of pizza


   Skills:
 + Level 4.7 Fighting
 * Level 5.4 Maces & Flails
 + Level 1.5 Throwing
 + Level 1.4 Armour
 + Level 3.4 Dodging


You had 4 spell levels left.
You didn't know any spells.

Dungeon Overview and Level Annotations

Branches:
Dungeon (4/15)
 Temple: D:4-7

Altars:
Ashenzari
Cheibriados
Elyvilon
Makhleb
Nemelex Xobeh
Okawaru
Yredelemnul


Innate Abilities, Weirdness & Mutations

You are too large for most types of armour.
You have tough skin (AC +1).


Message History

The orc wizard is moderately wounded.
You hear the rusting of a distant drain.
The orc wizard completely misses you.
You hit the orc wizard.
The orc wizard is severely wounded.
The orc wizard hits you but does no damage.
The orc wizard casts a spell.
The orc wizard blinks!
The orc wizard gestures at you while chanting.
You feel as though you will be slow longer.
Items here: ))) [[[[ †††
There is a stone staircase leading down here.
A worker ant comes into view.
The worker ant twitches its antennae in your direction.
The worker ant bites you.
* * * LOW HITPOINT WARNING * * *
You hit the worker ant.
The worker ant is moderately wounded.
The worker ant barely misses you. The worker ant bites you.
You die...

##...... ##........... ...
###...........# ...
...#.........# . #..
##.#.........#
.###.#######..!.........#
..............#>........# ##
...............a........# #..
.........#####..@.......# ..
.........### #..##.###### .# ..
.....###...###.###....# ##.# !#
.(..## #..>.##.# ####.###..# .##
##.## ##)#....# #.<.#.####...
...# #.###### ####...##..(..
...######.....## #............#
.......................###..#..##
..o#################.#..###...##


You could see a worker ant.

Vanquished Creatures
  Terence (D:2)
  4 gnolls
  An adder (D:4)
  An ooze (D:2)
  5 orcs
  3 giant cockroaches
  9 goblins
  8 hobgoblins
  4 jackals (D:2)
  8 kobolds
  A quokka (D:2)
  7 bats
  2 giant geckos (D:1)
  5 giant newts
  11 rats
70 creatures vanquished.

Notes
Turn   | Place    | Note
--------------------------------------------------------------
     0 | D:1      | TruthSerum the Ogre Berserker began the quest for the Orb.
     0 | D:1      | Reached XP level 1. HP: 24/24 MP: 1/1
   124 | D:1      | Reached XP level 2. HP: 26/32 MP: 2/2
   276 | D:1      | Reached XP level 3. HP: 30/39 MP: 3/3
   281 | D:1      | Found a snail-covered altar of Cheibriados.
   292 | D:1      | Acquired Trog's second power
   762 | D:2      | Reached skill level 1 in Armour
   785 | D:2      | Noticed Terence
   788 | D:2      | Reached skill level 1 in Throwing
   794 | D:2      | Killed Terence
   794 | D:2      | Reached skill level 5 in Maces & Flails
   794 | D:2      | Reached XP level 4. HP: 26/49 MP: 4/4
   825 | D:2      | Found a basalt altar of Yredelemnul.
   960 | D:2      | Found a sparkling altar of Nemelex Xobeh.
  1643 | D:3      | Found a burning altar of Makhleb.
  1643 | D:3      | Noticed a balrug
  1646 | D:3      | Noticed a smoke demon
  1646 | D:3      | Noticed a ynoxinul
  1835 | D:3      | Found a shattered altar of Ashenzari.
  1842 | D:3      | Found a white marble altar of Elyvilon.
  1843 | D:3      | Found an iron altar of Okawaru.
  2077 | D:4      | Reached XP level 5. HP: 29/55 MP: 5/5
  2188 | D:4      | HP: 1/55 [orc wizard/magic dart (8)]
  2202 | D:4      | HP: 2/55 [worker ant (3)]
  2203 | D:4      | Slain by a worker ant

Vault maps used:
D:1:      elethiomel_arrival_shortcut, cheibriados_altar_1
D:2:      old_standard_altar, first_bread, serial_park_tiny_2,
          nemelex_spade_bored_becter, uniq_terence
D:3:      grunt_temple_overflow_open, makhleb_altar_promises_db
D:4:      portal_sewer_entry_d, uniq_grinder

Action                   |  1- 3 |  4- 6 || total
-------------------------+-------+-------++-------
Melee: Mace              |    90 |       ||    90
       Flail             |       |   101 ||   101
Invok: Berserk           |     1 |     1 ||     2
  Use: Scroll            |       |     2 ||     2
  Eat: Chunk             |       |     6 ||     6
